AoeStats
← Covid19

Arena

509698186Analyzed
2v2 RM · 4d ago on Sep 27, 2026· 64m 21s· 4 players
Game mode
Random Map
Map size
Medium (4 player)
Population
200
Speed
Normal
Resources
Standard
Victory
Conquest
Starting age
Dark Age
Ending age
Imperial Age
RankedLock teamsTeams togetherTeam positionsShared explorationLock speedFull tech treeHidden civsTurbo modeCheats
Victory
Defeat
🇩🇪 Goths · Germany
1071
+15
🇩🇪 Turks · Germany
1061
+16
🇩🇪 Britons · Germany
1068
-16
🇩🇪 Spanish · Germany
1048
-15
Haitatchi
12:23 Feudal Age
16:07 Castle Age
13:58 Loom
14:44 Stone Mining
14:42 Double-Bit Axe
25:35 Horse Collar
26:32 Bow Saw
28:00 Town Watch
28:54 Wheelbarrow
29:01 Stone Shaft Mining
28:51 Elite Skirmisher
31:34 Thumb Ring
34:00 Scale Barding Armor
34:05 Forging
33:57 Scale Mail Armor
34:04 Husbandry
34:15 Bloodlines
36:54 Imperial Age
38:50 Light Cavalry
40:12 Hussar
41:00 Cavalier
42:53 Heavy Mounted Crossbowman
43:50 Gold Mining
44:47 Conscription
46:16 Hand Cart
46:02 Town Patrol
48:52 Chain Barding Armor
49:08 Iron Casting
48:50 Paladin
53:02 Paladin
55:40 Caravan
58:48 Plate Barding Armor
59:26 Blast Furnace
Baumewok
10:25 Feudal Age
12:12 Double-Bit Axe
14:41 Castle Age
12:31 Horse Collar
13:27 Stone Mining
16:17 Bow Saw
24:38 Wheelbarrow
25:18 Loom
25:59 Scale Barding Armor
26:05 Forging
25:59 Husbandry
26:25 Heavy Plow
26:18 Gold Mining
27:38 Fervor
28:45 Hand Cart
28:15 Town Watch
30:35 Gold Shaft Mining
30:28 Chain Barding Armor
30:44 Iron Casting
32:55 Town Patrol
32:59 Fletching
33:09 Padded Archer Armor
36:13 Imperial Age
34:17 Yeomen
33:55 Bodkin Arrow
34:47 Masonry
35:26 Leather Archer Armor
37:34 Plate Barding Armor
38:00 Blast Furnace
36:23 Cavalier
37:46 Conscription
36:46 Elite Longbowman
37:49 Ballistics
38:30 Chemistry
37:34 Bracer
38:05 Ring Archer Armor
39:24 Fortified Wall
39:45 Architecture
39:21 Siege Engineers
42:32 Crossbowman
43:42 Man-at-Arms
44:07 Gambesons
44:23 Squires
44:08 Arson
44:28 Scale Mail Armor
44:24 Long Swordsman
44:57 Two-Handed Swordsman
45:36 Champion
46:33 Chain Mail Armor
49:13 Plate Mail Armor
54:45 Pikeman
Covid19
9:33 Feudal Age
9:59 Double-Bit Axe
9:57 Horse Collar
16:41 Castle Age
21:13 Imperial Age
21:07 Bow Saw
21:07 Gold Mining
23:20 Two-Man Saw
28:36 Gold Shaft Mining
30:13 Heavy Plow
33:40 Treadmill Crane
34:33 Bombard Tower
34:06 Stone Mining
36:43 Wheelbarrow
35:54 Loom
36:55 Conscription
39:53 Hand Cart
41:42 Sipahi
41:51 Parthian Tactics
43:38 Thumb Ring
43:27 Fletching
43:38 Padded Archer Armor
44:26 Bodkin Arrow
45:55 Ballistics
45:56 Artillery
46:22 Bracer
47:44 Leather Archer Armor
47:46 Bloodlines
47:40 Husbandry
52:21 Heavy Cavalry Archer
61:47 Scale Barding Armor
61:56 Forging
64:14 Chain Barding Armor
Event 201
1:04 Loom
15:40 Feudal Age
20:41 Castle Age
19:12 Double-Bit Axe
19:09 Horse Collar
20:06 Town Watch
21:01 Wheelbarrow
29:18 Hand Cart
30:48 Bow Saw
30:35 Gold Mining
32:00 Forging
31:50 Scale Mail Armor
32:23 Heavy Plow
35:51 Imperial Age
33:49 Chain Mail Armor
34:10 Iron Casting
35:17 Anarchy
35:31 Squires
34:52 Pikeman
37:36 Blast Furnace
36:59 Conscription
37:43 Two-Man Saw
38:19 Perfusion
38:52 Halberdier
41:54 Elite Huskarl
43:54 Onager
46:42 Man-at-Arms
47:29 Long Swordsman
48:01 Two-Handed Swordsman
48:17 Champion
48:47 Sappers
54:33 Town Watch
Connection lost

Rejoining the realm…

Still unreachable

The connection could not be restored.

Session expired

The server has moved on; the page needs a fresh start.